AoeStats
← J.Dandy

Nomad

507736107Analyzed
4v4 RM · 11d ago on Sep 19, 2026· 40m 52s· 8 players
Game mode
Random Map
Map size
231×231
Population
200
Speed
Normal
Resources
Standard
Victory
Conquest
Starting age
Dark Age
Ending age
Imperial Age
RankedLock teamsTeams togetherTeam positionsShared explorationLock speedFull tech treeHidden civsTurbo modeCheats
Victory
Defeat
🇯🇵 Italians · Japan
1256
+14
🇯🇵 Persians · Japan
1241
+15
🇯🇵 Vietnamese · Japan
1222
+15
🇨🇳 Dravidians · China
1208
+16
🇯🇵 Dravidians · Japan
1279
-17
🇨🇱 Persians · Chile
1197
-15
🇦🇷 Koreans · Argentina
1187
-14
🇦🇷 Wu · Argentina
1184
-14
1052037
4:16 Loom
7:34 Loom
13:25 Feudal Age
13:49 Double-Bit Axe
15:53 Fishing Lines
17:59 Gold Mining
17:59 Stone Mining
20:12 Castle Age
21:03 Bow Saw
23:09 Wheelbarrow
22:39 Gillnets
23:20 Medium Warships
26:07 Horse Collar
31:00 Imperial Age
29:27 Scale Barding Armor
29:54 Hand Cart
30:01 Bloodlines
29:51 Husbandry
30:31 Chain Barding Armor
30:22 Forging
31:43 Iron Casting
30:36 Cavalier
32:12 Plate Barding Armor
31:58 Heavy Plow
32:25 Fletching
32:28 Savar
34:28 Conscription
35:48 Blast Furnace
34:53 Bodkin Arrow
40:38 Scale Mail Armor
40:38 Padded Archer Armor
J.Dandy
5:08 Loom
13:25 Feudal Age
14:24 Double-Bit Axe
18:31 Castle Age
17:05 Fishing Lines
18:12 Stone Mining
19:52 Bow Saw
21:15 Fletching
21:20 Gillnets
25:02 Imperial Age
23:00 Padded Archer Armor
24:03 Wheelbarrow
24:10 Wheelbarrow
24:10 Bodkin Arrow
24:36 Town Watch
26:42 Chemistry
26:31 Bracer
33:33 Leather Archer Armor
33:43 Hand Cart
41:01 Ballistics
40:52 Thumb Ring
一只小耳
10:35 Loom
13:22 Feudal Age
15:11 Double-Bit Axe
19:53 Castle Age
23:35 Bow Saw
24:53 Wheelbarrow
27:31 Horse Collar
29:45 Gold Mining
34:26 Imperial Age
31:43 Town Watch
33:40 Hand Cart
34:37 Fletching
35:44 Conscription
37:01 Hoardings
38:01 Elite Elephant Archer
38:40 Bodkin Arrow
39:44 Thumb Ring
40:57 Squires
40:18 Pikeman
yake0213
6:51 Loom
13:03 Feudal Age
16:05 Fletching
17:20 Fishing Lines
24:02 Castle Age
24:48 Double-Bit Axe
25:59 Bow Saw
26:12 Horse Collar
26:37 Bodkin Arrow
27:50 Heavy Plow
31:16 Wheelbarrow
30:35 Gillnets
34:12 Hand Cart
34:15 Gold Mining
34:29 Stone Mining
40:04 Imperial Age
38:00 Padded Archer Armor
39:14 Stone Shaft Mining
39:02 Leather Archer Armor
40:25 Ballistics
39:47 Treadmill Crane
42:04 Chemistry
41:09 Bracer
41:39 Ring Archer Armor
42:13 Two-Man Saw
alvex
6:44 Loom
14:12 Feudal Age
18:30 Horse Collar
18:35 Double-Bit Axe
21:57 Wheelbarrow
25:20 Castle Age
23:28 Gold Mining
23:36 Stone Mining
24:41 Scale Barding Armor
28:56 Bloodlines
28:48 Husbandry
29:00 Forging
29:10 Chain Barding Armor
30:49 Fletching
31:01 Padded Archer Armor
35:29 Iron Casting
35:12 Hand Cart
34:56 Elite Skirmisher
39:37 Imperial Age
37:36 Parthian Tactics
37:25 Thumb Ring
38:47 Gold Shaft Mining
38:48 Stone Shaft Mining
38:25 Bow Saw
38:16 Heavy Plow
39:54 Bodkin Arrow
40:16 Leather Archer Armor
MAXPOWER
5:28 Loom
14:16 Feudal Age
14:44 Double-Bit Axe
16:48 Fletching
21:07 Castle Age
22:06 Medium Warships
22:30 Bow Saw
25:32 Horse Collar
27:43 Wheelbarrow
27:31 Bodkin Arrow
27:59 Ballistics
27:52 Heavy Plow
29:03 Fishing Lines
30:20 Hand Cart
29:59 Gold Mining
29:59 Stone Mining
32:04 Gillnets
36:51 Imperial Age
34:41 Stone Mining
36:09 Gold Shaft Mining
36:09 Stone Shaft Mining
37:35 Bracer
38:37 Chemistry
37:59 Conscription
39:23 Two-Man Saw
38:05 Elite War Wagon
hirai
12:17 Feudal Age
13:04 Double-Bit Axe
14:46 Loom
15:36 Wheelbarrow
14:55 Gold Mining
17:01 Town Watch
20:33 Castle Age
19:07 Fishing Lines
19:55 Stone Mining
21:26 Medium Warships
21:58 Bow Saw
23:06 Hand Cart
24:34 Town Watch
27:18 Town Watch
35:26 Imperial Age
32:54 Pikeman
34:17 Horse Collar
34:48 Squires
37:22 Conscription
39:05 Scale Mail Armor
39:16 Forging
41:47 Chemistry
40:19 Halberdier
DGHIR | Dark20
5:31 Loom
14:14 Feudal Age
15:05 Double-Bit Axe
18:13 Castle Age
16:22 Town Watch
16:55 Horse Collar
17:38 Scale Mail Armor
17:30 Gold Mining
17:53 Forging
19:27 Bow Saw
19:17 Heavy Plow
19:53 Gold Shaft Mining
20:13 Chain Mail Armor
20:42 Heavy Plow
21:43 Wheelbarrow
22:30 Iron Casting
22:10 Fletching
23:13 Squires
22:58 Arson
31:15 Bodkin Arrow
31:20 Padded Archer Armor
31:46 Elite Skirmisher
34:33 Leather Archer Armor
Connection lost

Rejoining the realm…

Still unreachable

The connection could not be restored.

Session expired

The server has moved on; the page needs a fresh start.